 Dungeon Crawl Stone Soup version 0.28-a0-1159-g27aa881441 (webtiles) character file.

Game seed: 1043960645504945651

127 bearlyready the Skirmisher (level 4, -4/38 HPs)
             Began as a Demonspawn Artificer on Dec 16, 2021.
             Slain by an orc (6 damage)
             ... on level 2 of the Dungeon.
             The game lasted 00:05:10 (3278 turns).

bearlyready the Skirmisher (Demonspawn Artificer)   Turns: 3278, Time: 00:05:10

Health: -4/38      AC:  6    Str: 15    XL:     4   Next: 85%
Magic:  4/4        EV: 10    Int: 12    God:
Gold:   55         SH:  0    Dex: 13    Spells: 3/3 levels left

rFire   . . .      SeeInvis .   a - +0 whip
rCold   . . .      Faith    .   (no shield)
rNeg    . . .      Spirit   .   l - +0 ring mail
rPois   .          Reflect  .   (no helmet)
rElec   .          Harm     .   n - +0 cloak
rCorr   .          Rampage  .   (no gloves)
Will    .....                   (no boots)
Stlth   +.........              (no amulet)
HPRegen 0.12/turn               (no ring)
MPRegen 0.09/turn               (no ring)

@: no status effects
A: hooves 1, condensation shield
a: no special abilities


You were on level 2 of the Dungeon.
You visited 1 branch of the dungeon, and saw 3 of its levels.

You collected 55 gold pieces.

Inventory:

Hand Weapons
 a - a +0 whip (weapon)
 o - a +0 mace
Missiles
 f - 6 atropa-tipped darts
 h - 69 stones
 k - 37 bolts
 t - 22 sling bullets
Armour
 b - a +0 leather armour
 l - a +0 ring mail (worn)
 n - a +0 cloak (worn)
Jewellery
 s - a ring of ice
Wands
 c - a wand of flame (13) (quivered)
 d - a wand of charming (14)
Scrolls
 g - 3 scrolls of fear {unknown}
 q - a scroll of identify {unknown}
 r - a scroll of teleportation {unknown}
Potions
 i - a potion of curing {unknown}
 j - a potion of heal wounds {unknown}
 m - 2 potions of cancellation {unknown}
 p - a potion of ambrosia {unknown}
Miscellaneous
 e - a piece from Xom's chessboard (6/15)


   Skills:
 + Level 4.3 Fighting
 + Level 1.4 Maces & Flails
 - Level 1.7 Armour
 - Level 0.8 Dodging
 - Level 0.8 Stealth
 - Level 3.0 Evocations


You had 3 spell levels left.
You didn't know any spells.
Your spell library was empty.

Dungeon Overview and Level Annotations

Branches:
Dungeon (3/15)

Altars:

Shops:
D:1 (*(

Annotations:
D:2 1 runed translucent door, Crazy Yiuf


Innate Abilities, Weirdness & Mutations

You have large cloven feet.
A meltable shield of frost defends you. (SH +0)


Message History

You block the orc wizard's attack. The orc barely misses you.
You closely miss the orc wizard.
You kick the orc wizard, but do no damage.
The orc wizard is heavily wounded.
You block the orc wizard's attack. The orc hits you with a +0 flail.
You barely miss the orc wizard.
The orc wizard is heavily wounded.
You block the orc wizard's attack. The orc closely misses you.
You make a move on Xom's chessboard...
The orc wizard resists with significant effort.
The orc wizard closely misses you. The orc closely misses you.
You make a move on Xom's chessboard...
The orc seems to slow down.
The orc wizard hits you with a +0 dagger.
You closely miss the orc. The orc misses you.
You block the orc wizard's attack.
You hit the orc but do no damage. The orc wizard barely misses you.
The orc closely misses you.
You hit the orc wizard but do no damage.
Your kick misses the orc wizard.
The orc wizard is heavily wounded.
The orc wizard hits you with a +0 dagger.
The orc barely misses you.
You hit the orc wizard but do no damage.
The orc wizard is heavily wounded.
The orc wizard barely misses you.
You hit the orc wizard. You kick the orc wizard.
The orc wizard is almost dead.
The orc wizard gestures at you while chanting.
The puff of flame hits you.
Your condensation shield dissipates!
* * * LOW HITPOINT WARNING * * *
The orc hits you with a +0 flail.
* * * LOW HITPOINT WARNING * * *
Aiming: Throw Flame
Press: ? - help, Shift-Dir - straight line, f - orc wizard
Aim: an orc wizard, wielding a +0 dagger and wearing a +0 robe (almost dead, 64% to hit)
The puff of flame hits the orc wizard!
You kill the orc wizard!
The orc hits you with a +0 flail.
You die...

#.............# #)##..........#
#### #.####.....#### ...#
#.###......# ###### ##.####
#.....(....# #....# ....<.#
#####...#### ####.##.## ##..#.#
#...# #......... ##..#.# #..)#
####.##.##.## ....#<#### #..@#
#.......##.##
.##.#....#####..o####.##...###.##
.##.#..........................##
........................<...#)...
.####.......................).###
.# #......###...####......#..# #
.####.#.##.# #...# ###..#.#..# #
......#.##.# #...# #..#.#..#
........##.###...## #.......#


You could see an orc (slow).

Vanquished Creatures
  A hound (D:2)
  Terence (D:2)
  An orc wizard (D:2)
  2 adders (D:3)
  A worm (D:2)
  3 dart slugs
  2 ball pythons (D:1)
  4 endoplasms
  2 giant cockroaches
  5 goblins
  5 hobgoblins
  6 bats
  2 frilled lizards (D:2)
  7 kobolds
  4 rats
46 creatures vanquished.

Vanquished Creatures (collateral kills)
  A frilled lizard (D:2)
1 creature vanquished.

Grand Total: 47 creatures vanquished

Notes
Turn   | Place    | Note
-------+----------+-------------------------------------------
     0 | D:1      | bearlyready the Demonspawn Artificer began the quest for
                  | the Orb.
     0 | D:1      | Reached XP level 1. HP: 15/15 MP: 1/1
   216 | D:1      | Found Nammoeju's General Store.
   218 | D:1      | Found Mejoiqis's Antique Weapon Shop.
   502 | D:1      | Reached skill level 2 in Fighting
   599 | D:1      | Gained mutation: You have large cloven feet. [demonic
                  | ancestry]
   599 | D:1      | Reached XP level 2. HP: 21/22 MP: 2/2
  1154 | D:1      | Found Nogizepp's Weapon Boutique.
  1345 | D:2      | Noticed Terence
  1601 | D:2      | Reached skill level 3 in Fighting
  1612 | D:2      | Gained mutation: A meltable shield of frost defends you.
                  | (SH +0) [demonic ancestry]
  1612 | D:2      | Reached XP level 3. HP: 23/29 MP: 3/3
  1935 | D:2      | Killed Terence
  2317 | D:2      | Found a runed translucent door.
  2318 | D:2      | Noticed Crazy Yiuf
  2391 | D:2      | Reached XP level 4. HP: 23/37 MP: 4/4
  2535 | D:2      | Reached skill level 4 in Fighting
  2535 | D:2      | Reached skill level 1 in Maces & Flails
  3278 | D:2      | Slain by an orc

Illustrated notes

Levels and vault maps discovered:
D:1:      dpeg_arrival_line_fractal, layout_loops_corners, serial_shops,
          nicolae_shop_waterfront, nicolae_lakefront_shop, nicolae_shop_stone
D:2:      layout_loops_cross, uniq_crazy_yiuf_cottage, uniq_terence
D:3:      cheibrodos_pilgrimage, layout_basic, amcnicky_altar_gilded,
          dreamdust_ecumenical_altar_statues, minivault_4, uniq_grinder

Skill      XL: |  1  2  3  4 |
---------------+-------------+-----
Fighting       | 2 3 4 |  4.3
Maces & Flails | 1 |  1.4
Armour         | |  1.7
Dodging        | |  0.8
Stealth        | |  0.8
Evocations     | |  3.0

Action                   |  1- 3 |  4- 6 || total
-------------------------+-------+-------++-------
Melee: Whip              |   161 |    66 ||   227
       Kick              |    38 |    14 ||    52
       Mace              |     5 |       ||     5
Evoke: Piece from Xom's  |    10 |     4 ||    14
       Wand              |     2 |     1 ||     3
 Stab: Sleeping          |     3 |       ||     3
       Distracted        |     1 |       ||     1
       Petrified         |    35 |     6 ||    41
       Paralysed         |     8 |       ||     8
       Petrifying        |     1 |       ||     1
Armor: Leather armour    |    31 |       ||    31
       Ring mail         |     7 |    23 ||    30
Dodge: Dodged            |    65 |    41 ||   106
Block: Other             |    11 |    12 ||    23

Table legend: (Time is in decaauts)
 A = Elapsed time spent in this place.
 B = Non-inter-level travel time spent in this place.
 C = Inter-level travel time spent in this place.
 D = Time resting spent in this place.
 E = Time spent auto-exploring this place.
 F = Levels seen in this place.
 G = Mean time per level.
                   A        B        C        D        E       F      G
               +--------+--------+--------+--------+--------+-----+--------+
         Total |   3302 |   3180 |    122 |    175 |   2424 |   3 | 1100.7 |
       Dungeon |   3302 |   3180 |    122 |    175 |   2424 |   3 | 1100.7 |
               +--------+--------+--------+--------+--------+-----+--------+

Top non-repeatable levels by time:
     D:2: 1553 daAuts
     D:1: 1524 daAuts
     D:3: 224 daAuts
